HBL
SPOKANE RIVER RATS @ OMAHA STORM CHASERS
07/11/1997
 
TOP OF THE 1ST
Spokane River Rats batting - Pitching for Omaha Storm Chasers : RHP Mark Leiter
Pitching: RHP Mark Leiter
Batting: LHB Andy Fox 0-0: Called Strike
0-1: Ball
1-1: Fly out, F4 (Line Drive, 4, EV 65.6 MPH)
Batting: SHB Chris Latham 0-0: Called Strike
0-1: Ground out 2-3 (Groundball, 15S, EV 68.1 MPH)
Batting: LHB Michael Tucker 0-0: Called Strike
0-1: SINGLE (Line Drive, 8RS, EV 106.9 MPH)
Batting: SHB Gene Kingsale 0-0: Called Strike
0-1: Swinging Strike
0-2: Foul Ball, location: 2F
0-2: Foul Ball, location: 2F
0-2: Ball
1-2: Ball
2-2: Strikes out swinging
Top of the 1st over - 0 runs, 1 hit, 0 errors, 1 left on base; Spokane 0 - Omaha 0
BOTTOM OF THE 1ST
Omaha Storm Chasers batting - Pitching for Spokane River Rats : RHP Jeff C D'Amico
Pitching: RHP Jeff C D'Amico
Batting: RHB Roberto Mejia 0-0: Called Strike
0-1: Foul Ball, location: 2F
0-2: Foul Ball, location: 2F
0-2: Strikes out swinging
Batting: SHB Kerwin Moore 0-0: Ball
1-0: Fly out, F2 (Popup, 2R, EV 95.6 MPH)
Batting: RHB Matt Mieske 0-0: Called Strike
0-1: Swinging Strike
0-2: Ball
1-2: SINGLE (Line Drive, 7S, EV 107.5 MPH)
Batting: RHB Eduardo Perez 0-0: Ball
1-0: Ball
2-0: Called Strike
2-1: Foul Ball, location: 2F
2-2: Strikes out swinging
Bottom of the 1st over - 0 runs, 1 hit, 0 errors, 1 left on base; Spokane 0 - Omaha 0
TOP OF THE 2ND
Spokane River Rats batting - Pitching for Omaha Storm Chasers : RHP Mark Leiter
Batting: RHB Tony Rodriguez 0-0: Ball
1-0: Ball
2-0: Called Strike
2-1: Ball
3-1: Called Strike
3-2: Strikes out swinging
Batting: SHB Luis M. Lopez 0-0: Fly out, F8 (Flyball, 8LD, EV 95.0 MPH)
Batting: RHB Mark Dalesandro 0-0: Foul Ball, location: 2F
0-1: SINGLE (Flyball, 78S, EV 98.1 MPH)
Batting: SHB Doug Brady 0-0: Called Strike
0-1: Ball
1-1: Called Strike
1-2: Foul Ball, location: 2F
1-2: Ball
2-2: Strikes out swinging
Top of the 2nd over - 0 runs, 1 hit, 0 errors, 1 left on base; Spokane 0 - Omaha 0
BOTTOM OF THE 2ND
Omaha Storm Chasers batting - Pitching for Spokane River Rats : RHP Jeff C D'Amico
Batting: SHB Javier Valentin 0-0: Called Strike
0-1: Ground out 6-3 (Groundball, 6, EV 83.8 MPH)
Batting: RHB Danny Clyburn 0-0: Foul Ball, location: 2F
0-1: Foul Ball, location: 2F
0-2: SINGLE (Groundball, 6MD, EV 94.4 MPH)
Batting: RHB Mike Figga 0-0: Ball
1-0: Fly out, F4 (Popup, 3D, EV 56.9 MPH)
Batting: RHB Henry Blanco 0-0: Fly out, F7 (Flyball, 78S, EV 95.6 MPH)
Bottom of the 2nd over - 0 runs, 1 hit, 0 errors, 1 left on base; Spokane 0 - Omaha 0
TOP OF THE 3RD
Spokane River Rats batting - Pitching for Omaha Storm Chasers : RHP Mark Leiter
Batting: RHB Jose Lind 0-0: Called Strike
0-1: Foul Ball, location: 2F
0-2: Ball
1-2: Ground out 5-3 (Groundball, 5S, EV 83.1 MPH)
Batting: LHB Andy Fox 0-0: Ball
1-0: Foul Ball, location: 2F
1-1: SINGLE (Line Drive, 56, EV 106.9 MPH)
Batting: SHB Chris Latham 0-0: Called Strike
Andy Fox is caught stealing 2nd base 2-6
0-1: Ball
1-1: Foul Ball, location: 2F
1-2: Foul Ball, location: 2F
1-2: Ball
2-2: Foul Ball, location: 2F
2-2: Ball
3-2: Foul Ball, location: 2F
3-2: Base on Balls
Batting: LHB Michael Tucker 0-0: Called Strike
0-1: Foul Ball, location: 2F
0-2: Fly out, F8 (Line Drive, 8RM, EV 88.1 MPH)
Top of the 3rd over - 0 runs, 1 hit, 0 errors, 1 left on base; Spokane 0 - Omaha 0
BOTTOM OF THE 3RD
Omaha Storm Chasers batting - Pitching for Spokane River Rats : RHP Jeff C D'Amico
Batting: SHB Pablo Martinez 0-0: Ball
1-0: Called Strike
1-1: Ball
2-1: Ball
3-1: Base on Balls
Batting: RHB Roberto Mejia 0-0: Ball
1-0: Called Strike
1-1: Called Strike
1-2: Foul Ball, location: 2F
1-2: Ball
2-2: Ball
3-2: Foul Ball, location: 2F
3-2: Strikes out looking
Batting: SHB Kerwin Moore 0-0: Ball
1-0: Called Strike
1-1: Swinging Strike
1-2: Ball
2-2: Strikes out swinging
Batting: RHB Matt Mieske 0-0: Ball
1-0: Called Strike
1-1: Ball
2-1: SINGLE (Flyball, 7S, EV 93.8 MPH)
Pablo Martinez to second
Batting: RHB Eduardo Perez 0-0: Called Strike
0-1: Fly out, F9 (Line Drive, 9D, EV 89.4 MPH)
Bottom of the 3rd over - 0 runs, 1 hit, 0 errors, 2 left on base; Spokane 0 - Omaha 0
TOP OF THE 4TH
Spokane River Rats batting - Pitching for Omaha Storm Chasers : RHP Mark Leiter
Batting: SHB Gene Kingsale 0-0: Ball
1-0: Ball
2-0: TRIPLE (Line Drive, 89XD, EV 105.6 MPH)
Batting: RHB Tony Rodriguez 0-0: Fly out, F3 (Popup, 34, EV 64.4 MPH)
Batting: SHB Luis M. Lopez 0-0: Ball
1-0: Ball
2-0: SINGLE (Line Drive, 7LS, EV 110.6 MPH)
Gene Kingsale scores
Batting: RHB Mark Dalesandro 0-0: Called Strike
0-1: Ball
1-1: Ball
2-1: Ball
3-1: SINGLE (Flyball, 9S, EV 91.3 MPH)
Luis M. Lopez to second
Batting: SHB Doug Brady 0-0: Ball
1-0: Ball
2-0: Called Strike
2-1: Called Strike
2-2: Foul Ball, location: 2F
2-2: Fly out, F9 (Flyball, 9, EV 91.3 MPH)
Batting: RHB Jose Lind 0-0: Called Strike
0-1: Fly out, F9 (Line Drive, 9, EV 85.0 MPH)
Top of the 4th over - 1 run, 3 hits, 0 errors, 2 left on base; Spokane 1 - Omaha 0
BOTTOM OF THE 4TH
Omaha Storm Chasers batting - Pitching for Spokane River Rats : RHP Jeff C D'Amico
Batting: SHB Javier Valentin 0-0: Called Strike
0-1: Ball
1-1: Swinging Strike
1-2: Ball
2-2: Ball
3-2: SINGLE (Line Drive, 6MD, EV 106.3 MPH)
Batting: RHB Danny Clyburn 0-0: Foul Ball, location: 2F
0-1: Called Strike
0-2: Grounds into double play, 4-6-3 (Groundball, 4M, EV 90.0 MPH)
Batting: RHB Mike Figga 0-0: Foul Ball, location: 2F
0-1: Swinging Strike
0-2: Strikes out swinging
Bottom of the 4th over - 0 runs, 1 hit, 0 errors, 0 left on base; Spokane 1 - Omaha 0
TOP OF THE 5TH
Spokane River Rats batting - Pitching for Omaha Storm Chasers : RHP Mark Leiter
Batting: LHB Andy Fox 0-0: Ball
1-0: Called Strike
1-1: Foul Ball, location: 2F
1-2: Foul Ball, location: 2F
1-2: Ball
2-2: Strikes out swinging
Batting: SHB Chris Latham 0-0: Ball
1-0: Called Strike
1-1: Called Strike
1-2: Fly out, F5 (Popup, 5, EV 64.4 MPH)
Batting: LHB Michael Tucker 0-0: Called Strike
0-1: Called Strike
0-2: Ground out 1-3 (Groundball, 13S, EV 68.8 MPH)
Top of the 5th over - 0 runs, 0 hits, 0 errors, 0 left on base; Spokane 1 - Omaha 0
BOTTOM OF THE 5TH
Omaha Storm Chasers batting - Pitching for Spokane River Rats : RHP Jeff C D'Amico
Batting: RHB Henry Blanco 0-0: Reached on error, E4 (Groundball, 34, EV 89.4 MPH)
Batting: SHB Pablo Martinez 0-0: Bunted foul
0-1: Sac Bunt to 2L - play at first, batter OUT! 2-4
Henry Blanco to second
Batting: RHB Roberto Mejia 0-0: Ball
Wild Pitch!
Henry Blanco to third
1-0: Ball
2-0: Called Strike
2-1: Foul Ball, location: 2F
2-2: SINGLE (Line Drive, 4MD, EV 95.0 MPH)
Henry Blanco scores
Batting: SHB Kerwin Moore 0-0: Ball
1-0: Foul Ball, location: 2F
1-1: Swinging Strike
1-2: Foul Ball, location: 2F
1-2: Strikes out looking
Batting: RHB Matt Mieske 0-0: Fly out, F8 (Flyball, 89D, EV 93.1 MPH)
Bottom of the 5th over - 1 run, 1 hit, 1 error, 1 left on base; Spokane 1 - Omaha 1
TOP OF THE 6TH
Spokane River Rats batting - Pitching for Omaha Storm Chasers : RHP Mark Leiter
Batting: SHB Gene Kingsale 0-0: Swinging Strike
0-1: Ball
1-1: Swinging Strike
1-2: Ball
2-2: Ball
3-2: Foul Ball, location: 2F
3-2: Foul Ball, location: 2F
3-2: SINGLE (Flyball, 4MD, EV 96.9 MPH)
Batting: RHB Tony Rodriguez 0-0: Swinging Strike
0-1: Hit by Pitch
Gene Kingsale to second
Batting: SHB Luis M. Lopez 0-0: Ball
1-0: Ball
2-0: Swinging Strike
2-1: Swinging Strike
2-2: Foul Ball, location: 2F
2-2: Foul Ball, location: 2F
2-2: Ball
3-2: Fly out, F7 (Flyball, 7D, EV 87.5 MPH)
Runner from 2nd tags up, SAFE at 3rd, no throw by LF
Batting: RHB Mark Dalesandro 0-0: Ball
1-0: Swinging Strike
1-1: Foul Ball, location: 2F
1-2: SINGLE (Groundball, 6, EV 98.8 MPH) (infield hit)
Gene Kingsale scores
Tony Rodriguez to second
Batting: SHB Doug Brady 0-0: Called Strike
0-1: Ball
1-1: Fly out, F8 (Flyball, 8LD, EV 81.9 MPH)
Runner from 2nd tags up, SAFE at 3rd with throw by CF
Batting: RHB Jose Lind 0-0: Called Strike
0-1: Ball
1-1: SINGLE (Groundball, 34, EV 86.9 MPH) (infield hit)
Tony Rodriguez scores
Mark Dalesandro to second
Batting: LHB Andy Fox 0-0: Ball
1-0: Swinging Strike
1-1: Foul Ball, location: 2F
1-2: Strikes out swinging
Top of the 6th over - 2 runs, 3 hits, 0 errors, 2 left on base; Spokane 3 - Omaha 1
BOTTOM OF THE 6TH
Omaha Storm Chasers batting - Pitching for Spokane River Rats : RHP Jeff C D'Amico
Batting: RHB Eduardo Perez 0-0: Foul Ball, location: 2F
0-1: Fly out, F7 (Flyball, 7S, EV 81.3 MPH)
Batting: SHB Javier Valentin 0-0: Ball
1-0: Fly out, F7 (Flyball, 7S, EV 83.8 MPH)
Batting: RHB Danny Clyburn 0-0: Called Strike
0-1: Ball
1-1: Ball
2-1: Ball
3-1: Ground out 5-3 (Groundball, 56, EV 90.6 MPH)
Bottom of the 6th over - 0 runs, 0 hits, 0 errors, 0 left on base; Spokane 3 - Omaha 1
TOP OF THE 7TH
Spokane River Rats batting - Pitching for Omaha Storm Chasers : RHP Mark Leiter
Pitching: LHP Roberto Duran
Batting: SHB Chris Latham 0-0: Ball
1-0: Ball
2-0: Ball
3-0: Base on Balls
Batting: LHB Michael Tucker 0-0: Called Strike
0-1: Ball
1-1: Ball
Wild Pitch!
Chris Latham to second
2-1: Foul Ball, location: 2F
2-2: Strikes out swinging
Batting: SHB Gene Kingsale 0-0: Intentional Walk
Batting: RHB Tony Rodriguez 0-0: Called Strike
0-1: Grounds into double play, 3-6-1 (Groundball, 3, EV 83.1 MPH)
Top of the 7th over - 0 runs, 0 hits, 0 errors, 1 left on base; Spokane 3 - Omaha 1
BOTTOM OF THE 7TH
Omaha Storm Chasers batting - Pitching for Spokane River Rats : RHP Jeff C D'Amico
Batting: RHB Mike Figga 0-0: Called Strike
0-1: Foul Ball, location: 2F
0-2: Ball
1-2: Foul Ball, location: 2F
1-2: Strikes out swinging
Batting: RHB Henry Blanco 0-0: Ground out 5-3 (Groundball, 56S, EV 70.0 MPH)
Batting: SHB Pablo Martinez 0-0: Fly out, F7 (Flyball, 7LSF, EV 93.1 MPH)
Bottom of the 7th over - 0 runs, 0 hits, 0 errors, 0 left on base; Spokane 3 - Omaha 1
TOP OF THE 8TH
Spokane River Rats batting - Pitching for Omaha Storm Chasers : LHP Roberto Duran
Batting: SHB Luis M. Lopez 0-0: Ball
1-0: Swinging Strike
1-1: Foul Ball, location: 2F
1-2: Ball
2-2: Foul Ball, location: 2F
2-2: SINGLE (Line Drive, 34, EV 100.6 MPH)
Batting: RHB Mark Dalesandro 0-0: Called Strike
0-1: Ball
1-1: Ball
2-1: Ball
3-1: SINGLE (Flyball, 7S, EV 92.5 MPH)
Luis M. Lopez to second
Pitching: RHP Matt Turner
Batting: SHB Doug Brady 0-0: Called Strike
0-1: Ball
1-1: Foul Ball, location: 2F
1-2: Ball
2-2: Ball
3-2: Foul Ball, location: 2F
3-2: Base on Balls
Luis M. Lopez to third
Mark Dalesandro to second
Batting: RHB Jose Lind 0-0: SINGLE (Line Drive, 4, EV 61.9 MPH) (infield hit)
Luis M. Lopez scores
Mark Dalesandro to third
Doug Brady to second
Batting: LHB Andy Fox 0-0: Called Strike
0-1: SINGLE (Groundball, 34, EV 103.1 MPH)
Mark Dalesandro scores
Doug Brady to third
Jose Lind to second
Batting: SHB Chris Latham 0-0: Ball
1-0: Called Strike
1-1: Ball
2-1: Ball
3-1: Base on Balls
Doug Brady scores
Jose Lind to third
Andy Fox to second
Batting: LHB Michael Tucker 0-0: Called Strike
0-1: Called Strike
0-2: Strikes out swinging
Pitching: LHP Carlos Pulido
Batting: SHB Gene Kingsale 0-0: Called Strike
0-1: Foul Ball, location: 2F
0-2: Foul Ball, location: 2F
0-2: Strikes out looking
Batting: RHB Tony Rodriguez 0-0: Ball
1-0: Ball
2-0: Called Strike
2-1: Foul Ball, location: 2F
2-2: Ball
3-2: Strikes out looking
Top of the 8th over - 3 runs, 4 hits, 0 errors, 3 left on base; Spokane 6 - Omaha 1
BOTTOM OF THE 8TH
Omaha Storm Chasers batting - Pitching for Spokane River Rats : RHP Jeff C D'Amico
Batting: RHB Roberto Mejia 0-0: Called Strike
0-1: Fly out, F8 (Flyball, 8LM, EV 83.1 MPH)
Batting: SHB Kerwin Moore 0-0: Ball
1-0: Foul Ball, location: 2F
1-1: SINGLE (Line Drive, 9S, EV 105.6 MPH)
Batting: RHB Matt Mieske 0-0: Called Strike
0-1: Ball
1-1: Swinging Strike
1-2: Foul Ball, location: 2F
1-2: Foul Ball, location: 2F
1-2: 2-RUN HOME RUN (Flyball, 9D, EV 100.0 MPH), Distance : 356 ft
Pitching: RHP Anthony Chavez
Batting: RHB Eduardo Perez 0-0: Ball
1-0: Reached on error, E6 (Groundball, 6, EV 105.6 MPH)
Batting: SHB Javier Valentin 0-0: Called Strike
0-1: Grounds into double play, 6-4-3 (Groundball, 6, EV 95.6 MPH)
Bottom of the 8th over - 2 runs, 2 hits, 1 error, 0 left on base; Spokane 6 - Omaha 3
TOP OF THE 9TH
Spokane River Rats batting - Pitching for Omaha Storm Chasers : LHP Carlos Pulido
Batting: SHB Luis M. Lopez 0-0: Ball
1-0: Ball
2-0: SINGLE (Groundball, 6, EV 80.0 MPH) (infield hit)
Batting: RHB Mark Dalesandro 0-0: Called Strike
0-1: Foul Ball, location: 2F
0-2: Strikes out looking
Batting: SHB Doug Brady 0-0: Foul Ball, location: 2F
0-1: Ball
1-1: Ball
2-1: Foul Ball, location: 2F
2-2: Ball
3-2: Base on Balls
Luis M. Lopez to second
Batting: RHB Jose Lind 0-0: Swinging Strike
0-1: SINGLE (Line Drive, 89S, EV 101.3 MPH)
Luis M. Lopez to third
Doug Brady to second
Runner from 3rd tries for Home, SAFE, no throw by CF
Batting: LHB Andy Fox 0-0: Called Strike
0-1: Swinging Strike
0-2: Foul Ball, location: 2F
0-2: Strikes out swinging
Batting: SHB Chris Latham 0-0: Ball
1-0: Swinging Strike
1-1: Ball
2-1: Foul Ball, location: 2F
2-2: Ball
3-2: SINGLE (Groundball, 6S, EV 71.9 MPH) (infield hit)
Doug Brady to third
Jose Lind to second
Batting: LHB Michael Tucker 0-0: Swinging Strike
0-1: Ball
1-1: Ball
2-1: Foul Ball, location: 2F
2-2: Strikes out swinging
Top of the 9th over - 1 run, 3 hits, 0 errors, 3 left on base; Spokane 7 - Omaha 3
BOTTOM OF THE 9TH
Omaha Storm Chasers batting - Pitching for Spokane River Rats : RHP Anthony Chavez
Batting: RHB Danny Clyburn 0-0: Ball
1-0: Ball
2-0: Ball
3-0: Called Strike
3-1: Foul Ball, location: 2F
3-2: Foul Ball, location: 2F
3-2: Base on Balls
Batting: RHB Mike Figga 0-0: Called Strike
0-1: Foul Ball, location: 2F
0-2: 2-RUN HOME RUN (Flyball, 78XD, EV 107.5 MPH), Distance : 402 ft
Pitching: LHP Matt Whisenant
Batting: RHB Henry Blanco 0-0: Called Strike
0-1: Ball
1-1: Ball
2-1: Fly out, F5 (Popup, 5SF, EV 81.3 MPH)
Batting: SHB Pablo Martinez 0-0: Foul Ball, location: 2F
0-1: Called Strike
0-2: Strikes out swinging
Batting: RHB Roberto Mejia 0-0: Ground out U3 (Groundball, 3S, EV 70.6 MPH)
Bottom of the 9th over - 2 runs, 1 hit, 0 errors, 0 left on base; Spokane 7 - Omaha 5
Friday, March 6th, 2026 - OOTP Baseball 20.8 Build 74